 Dungeon Crawl Stone Soup version 0.31.0-9-g3a7656b989 (webtiles) character file.

Game seed: 5188719195099596546

21798 Majang the Cleaver (level 13, -4/101 HPs)
             Began as a Formicid Fighter on Jan 30, 2024.
             Was the Champion of Cheibriados.
             Slain by an orc warrior
             ... wielding a +0 long sword
              (9 damage)
             ... on level 1 of the Orcish Mines.
             The game lasted 01:10:32 (14372 turns).

Majang the Cleaver (Formicid Fighter)              Turns: 14372, Time: 01:10:33

Health: -4/101     AC: 23    Str: 41    XL:     13   Next: 22%
Magic:  2/17       EV: 13    Int: 27    God:    Cheibriados [******]
Gold:   462        SH: 12    Dex: 32    Spells: 12/12 levels left

rFire   . . .        a - +5 woodcutter's axe
rCold   + + .        c - +3 warlock's mirror {omnireflect}
rNeg    . . .        P - +2 chain mail {rC+}
rPois   .            (helmet unavailable)
rElec   .            U - +0 cloak
rCorr   .            i - +3 Mad Mage's Maulers {Infuse+∞ VampMP -Cast}
SInv    +            u - +3 pair of boots of Potuph {Int+4 Dex+4}
Will    +....        t - amulet of the acrobat Stlth
                     n - +4 ring of slaying
HPRegen 0.36/turn    o - ring of protection from cold
MPRegen 0.15/turn

%: no spellcasting, reflection, acrobat, infuse magic (2 MP)
@: mighty, grasped by roots, constricted, very slow
A: permanent stasis, dig shafts and tunnels, antennae 3, four strong arms
a: Dig, Shaft Self, Renounce Religion, Bend Time, Temporal Distortion, Slouch,
Step From Time


You were on level 1 of the Orcish Mines.
You worshipped Cheibriados.
Cheibriados was exalted by your worship.
You visited 3 branches of the dungeon, and saw 13 of its levels.
You also visited: Bailey and Ice Cave.

You collected 1705 gold pieces.
You spent 1243 gold pieces at shops.

Inventory:

Hand Weapons
 a - the +5 woodcutter's axe (weapon)
   (You found it on level 3 of the Dungeon)
 b - a +1 hand cannon of freezing
 g - a +0 battleaxe
 A - a +3 hand axe
 D - a +4 flail of venom
 Q - a +0 arbalest
 R - a +1 battleaxe of freezing
 S - the +2 shortbow "Sishrixt" {freeze, rElec rPois}
   (You found it in an ice cave)

   rElec:     It insulates you from electricity.
   rPois:     It protects you from poison
 T - a +0 heavy hand cannon
Armour
 c - the +3 warlock's mirror (worn) {omnireflect}
   (You bought it in a shop on level 1 of the Orcish Mines)

   Omnireflect: It can block and reflect piercing ranged attacks and magical
   attacks against the wielder's willpower.
 i - the +3 Mad Mage's Maulers (worn) {Infuse+∞ VampMP -Cast}
   (You acquired it on level 5 of the Dungeon)

   Infuse+∞: It empowers its wearer's blows with all of their magic.
   VampMP:    Blows struck in melee replenish the wearer's magic.
   -Cast:     It prevents spellcasting.
 u - the +3 pair of boots of Potuph (worn) {Int+4 Dex+4}
   (You bought it in a shop on level 8 of the Dungeon)

   Int+4:     It affects your intelligence (+4).
   Dex+4:     It affects your dexterity (+4).
 O - a +0 kite shield of cold resistance
 P - a +2 chain mail of cold resistance (worn)
 U - a +0 cloak (worn)
Jewellery
 e - an amulet of reflection
 m - a ring of protection from fire
 n - a +4 ring of slaying (left hand)
 o - a ring of protection from cold (right hand)
 t - an amulet of the acrobat (around neck)
 x - a ring of protection from fire
 y - an amulet of magic regeneration
 B - a ring of positive energy
 C - an amulet of regeneration
 I - a +6 ring of dexterity
 K - a ring of poison resistance
 N - a +6 ring of dexterity
Wands
 h - a wand of charming (8)
 v - a wand of roots (24)
 w - a wand of digging (11)
 z - a wand of light (7)
 L - a wand of mindburst (31)
Scrolls
 k - 3 scrolls of revelation
 p - 2 scrolls of fog
 q - 3 scrolls of amnesia
 G - a scroll of enchant weapon {unknown}
 H - a scroll of fear
 J - a scroll of brand weapon {unknown}
 M - 2 scrolls of silence
Potions
 d - a potion of might
 f - 2 potions of enlightenment
 j - 14 potions of curing
 l - 2 potions of ambrosia
 r - a potion of heal wounds
 s - a potion of cancellation
 E - a potion of brilliance
 F - 2 potions of resistance


   Skills:
 + Level 9.5 Fighting
 * Level 11.2 Axes
 * Level 9.9 Ranged Weapons
 + Level 8.4 Armour
 + Level 6.2 Dodging
 + Level 9.9 Shields
 + Level 6.4 Invocations


You had 12 spell levels left.
You didn't know any spells.
Your spell library contained the following spells:

 Spells                   Type           Power      Damage    Failure   Level
 Freeze                   Ice            0%         1d3       32%         1
 Magic Dart               Conj           0%         1d3       32%         1
 Call Imp                 Summ           0%         N/A       43%         2
 Cigotuvi's Dreadful Rot  Necr/Alch/Air  0%         N/A       43%         2
 Hailstorm                Conj/Ice       0%         3d5       67%         3
 Tukima's Dance           Hex            0%         N/A       67%         3
 Animate Armour           Summ/Erth      0%         N/A       97%         4
 Ignite Poison            Fire/Alch      0%         N/A       97%         4
 Passage of Golubria      Tloc           0%         N/A       97%         4
 Summon Blazeheart Golem  Fire/Summ      0%         N/A       97%         4
 Summon Lightning Spire   Summ/Air       0%         N/A       97%         4
 Freezing Cloud           Conj/Ice/Air   0%         6-21      100%        5
 Lee's Rapid Deconstruct  Erth           0%         3d4*      100%        5
 Metabolic Englaciation   Hex/Ice        0%         N/A       100%        5
 Yara's Violent Unravell  Hex/Alch       0%         3d3       100%        5
 Orb of Destruction       Conj           0%         9d5       100%        7
 Spellforged Servitor     Conj/Summ      0%         N/A       100%        7
 Blink                    Tloc           Unusable   N/A       N/A         2

Dungeon Overview and Level Annotations

Branches:
Dungeon (10/15)            Temple (1/1) D:7            Lair (0/5) D:8
    Orc (2/2) D:10            Elf (0/3) Orc:2        Bailey (visited)
  IceCv (visited)

Altars:
Ashenzari
Cheibriados
Dithmenos
Elyvilon
Fedhas
Gozag
Hepliaklqana
Kikubaaqudgha
Makhleb
Nemelex Xobeh
Okawaru
Qazlal
Ru
Sif Muna
Trog
Uskayaw
Vehumet
Wu Jian
Xom
Yredelemnul
Zin
The Shining One

Shops:
D:3 ?   D:7 !   D:8 [   D:9 :   D:10 *   Orc:1 [   Orc:2 :

Annotations:
D:4 3 runed translucent doors, CapUranus's ghost, amateur GrFi
Orc:1 Jorgrun


Innate Abilities, Weirdness & Mutations

You cannot be hasted, slowed, berserked, paralysed or teleported.
You can dig through walls and to a lower floor.
You have a pair of large antennae on your head. (SInv)
Your four strong arms can wield two-handed weapons with a shield.


Message History

Your +1 hand cannon of freezing stops glowing.
a - the +5 woodcutter's axe (weapon)
You closely miss Jorgrun.
Jorgrun is heavily wounded.
Jorgrun hits you with a +0 heavy quarterstaff!!
* * * LOW HITPOINT WARNING * * *
The grasping roots constrict you!
* * * LOW HITPOINT WARNING * * *
Unknown command.
You closely miss Jorgrun.
Jorgrun is heavily wounded.
You open the orc like a pillowcase!!!
You kill the orc!
Cheibriados appreciates the change of pace.
Jorgrun casts a spell at you. The iron shot hits you.
* * * LOW HITPOINT WARNING * * *
The grasping roots constrict you!
* * * LOW HITPOINT WARNING * * *
You feel much better. You block Jorgrun's attack.
The grasping roots constrict you!
* * * LOW HITPOINT WARNING * * *
You feel much better.
You feel very mighty all of a sudden.
Jorgrun hits you with a +0 heavy quarterstaff!
* * * LOW HITPOINT WARNING * * *
The grasping roots constrict you.
* * * LOW HITPOINT WARNING * * *
The orc warrior hits you with a +0 long sword.
* * * LOW HITPOINT WARNING * * *
You slice Jorgrun!!
Jorgrun is severely wounded.
You open the orc like a pillowcase!!!
You kill the orc!
Cheibriados appreciates the change of pace.
You slice the orc warrior!! Jorgrun completely misses you.
The grasping roots constrict you!
* * * LOW HITPOINT WARNING * * *
The orc warrior hits you with a +0 long sword!
You die...

........# .
.......## ..
#.......###. ...
#...........
....#...........
#........>.....
##......$.......
......g@o)...#
..............#
.#...#.......#..
................
.##.............
##...##..#.###
#### #####


You could see Jorgrun and an orc warrior.

Vanquished Creatures
  A frost giant (IceCv)
  Josephine (Orc:2)
  A boulder beetle (D:10)
  An ogre mage (Orc:2)
  4 death yaks (IceCv)
  Pikel (D:7)
  An ice statue (IceCv)
  2 kobold blastminers (Orc:1)
  An elephant (D:8)
  Jeremiah (D:6)
  2 ice devils (Orc:2)
  10 polar bears (IceCv)
  A troll (Orc:2)
  5 wyverns
  4 wraiths
  20 yaks
  A basilisk (D:8)
  A warg (Orc:2)
  2 steam dragons
  Edmund (D:6)
  Menkaure (D:5)
  A water moccasin (D:5)
  An acid dragon (D:9)
  3 black bears
  4 sky beasts
  11 orc warriors
  2 ice beasts
  17 wolves (IceCv)
  8 ogres (Orc:2)
  3 centaurs
  A lemure (D:7)
  2 kobold brigands
  5 bullfrogs
  13 wights
  5 killer bees (D:7)
  4 howler monkeys
  2 electric eels (D:9)
  4 hounds
  9 orc priests
  3 jellies
  2 sleepcaps
  2 gnoll boudas
  2 iguanas
  14 orc wizards
  A hound zombie (D:2)
  Robin (D:3)
  7 gnolls
  6 adders
  A shadow imp (D:6)
  2 white imps
  2 ufetubi (D:7)
  An adder skeleton (D:2)
  6 dart slugs
  A ribbon worm (D:3)
  50 orcs
  7 endoplasms
  2 giant cockroaches
  13 goblins
  4 hobgoblins
  A quokka (D:5)
  5 ball pythons
  A ball python zombie (D:2)
  A bat (D:3)
  4 frilled lizards
  A giant cockroach zombie (D:2)
  29 kobolds
  4 rats
330 creatures vanquished.

Vanquished Creatures (others)
  An arcanist (D:9)
  An orc wizard (Orc:1)
2 creatures vanquished.

Grand Total: 332 creatures vanquished

Notes
Turn   | Place    | Note
-------+----------+-------------------------------------------
     0 | D:1      | Majang the Formicid Fighter began the quest for the Orb.
     0 | D:1      | Reached XP level 1. HP: 18/18 MP: 1/1
   169 | D:1      | Reached XP level 2. HP: 24/24 MP: 2/2
   657 | D:2      | Reached XP level 3. HP: 25/30 MP: 3/3
   691 | D:2      | Reached skill level 3 in Axes
  1174 | D:3      | Reached XP level 4. HP: 34/37 MP: 4/4
  1313 | D:3      | Reached skill level 4 in Axes
  1313 | D:3      | Reached XP level 5. HP: 41/42 MP: 5/5
  1335 | D:3      | Found the +5 woodcutter's axe
  1337 | D:3      | Found an ancient bone altar of Kikubaaqudgha.
  1420 | D:3      | Noticed Robin
  1428 | D:3      | Killed Robin
  1808 | D:3      | Found Tukitsu's Magic Scroll Boutique.
  1811 | D:3      | Bought a scroll of identify for 28 gold pieces
  1906 | D:4      | Noticed a bullfrog
  1921 | D:3      | Killed a bullfrog
  1922 | D:3      | Reached XP level 6. HP: 43/49 MP: 6/6
  1998 | D:4      | Reached skill level 5 in Axes
  2013 | D:4      | Reached skill level 5 in Fighting
  2492 | D:4      | Reached XP level 7. HP: 56/56 MP: 7/7
  2511 | D:4      | Reached skill level 1 in Ranged Weapons
  2774 | D:4      | Found a runed translucent gate.
  2775 | D:4      | Found a runed translucent gate.
  2776 | D:4      | Found a runed translucent gate.
  2778 | D:4      | Noticed CapUranus's ghost (amateur GrFi)
  2805 | D:5      | Entered Level 5 of the Dungeon
  2818 | D:5      | Identified a scroll of acquirement
  2818 | D:5      | Acquired the +3 Mad Mage's Maulers {Infuse+∞ VampMP -Cast}
  2818 | D:5      | Found the +3 Mad Mage's Maulers {Infuse+∞ VampMP -Cast}
  3102 | D:5      | Noticed Menkaure
  3107 | D:5      | Killed Menkaure
  3177 | D:5      | Reached skill level 1 in Dodging
  3277 | D:5      | Noticed a wraith
  3281 | D:5      | Killed a wraith
  3282 | D:5      | Reached skill level 6 in Axes
  3282 | D:5      | Reached XP level 8. HP: 63/63 MP: 3/8
  3546 | D:5      | Reached skill level 5 in Shields
  4266 | D:6      | Found an ornate altar of the Wu Jian Council.
  4271 | D:6      | Noticed a spectral centipede
  4271 | D:6      | Noticed a spectral black mamba
  4316 | D:6      | Noticed Jeremiah
  4322 | D:6      | Killed Jeremiah
  4323 | D:6      | Reached skill level 7 in Axes
  4323 | D:6      | Reached XP level 9. HP: 53/69 MP: 1/9
  4403 | D:6      | Reached skill level 5 in Armour
  4416 | D:6      | Reached skill level 5 in Ranged Weapons
  4825 | D:6      | Noticed Edmund
  4829 | D:6      | Killed Edmund
  5417 | D:7      | Reached XP level 10. HP: 73/77 MP: 0/10
  5488 | D:7      | Reached skill level 8 in Axes
  5601 | D:7      | Found a staircase to the Ecumenical Temple.
  5608 | Temple   | Entered the Ecumenical Temple
  5613 | Temple   | Became a worshipper of Cheibriados the Contemplative
  5676 | D:7      | Found a flagged portal.
  5751 | Bailey   | Entered a bailey
  6254 | D:7      | Noticed Pikel
  6272 | D:7      | Killed Pikel
  6273 | D:7      | Reached skill level 1 in Invocations
  6551 | D:7      | Found Ycuzeugexe's Distillery.
  6569 | D:7      | Bought a potion of curing for 36 gold pieces
  6569 | D:7      | Bought a potion of curing for 36 gold pieces
  6569 | D:7      | Bought a potion of heal wounds for 60 gold pieces
  6569 | D:7      | Bought a potion of curing for 36 gold pieces
  6569 | D:7      | Bought a potion of curing for 36 gold pieces
  6693 | D:7      | Reached * piety under Cheibriados
  7559 | D:8      | Reached ** piety under Cheibriados
  8217 | D:8      | Found Wejecuun's Antique Armour Emporium.
  8322 | D:8      | Bought a pair of ancient boots for 237 gold pieces
  8322 | D:8      | Identified the +3 pair of boots of Potuph {Int+4 Dex+4}
                  | (You bought it in a shop on level 8 of the Dungeon)
  8440 | D:8      | Noticed an elephant
  8454 | D:8      | Killed an elephant
  8455 | D:8      | Reached skill level 9 in Axes
  8455 | D:8      | Reached XP level 11. HP: 84/85 MP: 1/13
  8455 | D:8      | Found a staircase to the Lair.
  8923 | D:9      | Reached *** piety under Cheibriados
  9040 | D:9      | Found a bloodstained altar of Trog.
  9041 | D:9      | Noticed a wizard
  9045 | D:9      | Killed a wizard
  9990 | D:9      | Found Xupeot's Book Shop.
  9990 | D:9      | Identified the +11 plate armour of the King of the Hill
                  | {^Contam Rampage Int+5 Stlth+}
 10411 | D:10     | Entered Level 10 of the Dungeon
 10795 | D:10     | Noticed a boulder beetle
 10798 | D:10     | Killed a boulder beetle
 10937 | D:10     | Found a staircase to the Orcish Mines.
 10995 | D:10     | Found Puttieff's Practical Paraphernalia.
 11000 | D:10     | Bought a ring of poison resistance for 240 gold pieces
 11632 | Orc:1    | Entered Level 1 of the Orcish Mines
 11644 | Orc:1    | Reached **** piety under Cheibriados
 12033 | Orc:2    | Entered Level 2 of the Orcish Mines
 12048 | Orc:2    | Reached skill level 5 in Dodging
 12269 | Orc:2    | Noticed Josephine
 12270 | Orc:2    | Reached XP level 12. HP: 94/94 MP: 1/15
 12281 | Orc:2    | Killed Josephine
 12282 | Orc:2    | Reached skill level 10 in Axes
 12286 | Orc:2    | Noticed an ogre mage
 12293 | Orc:2    | Killed an ogre mage
 12367 | Orc:2    | Found a staircase to the Elven Halls.
 12393 | Orc:2    | Found a frozen archway.
 12396 | Orc:2    | Reached skill level 5 in Invocations
 12433 | IceCv    | Entered an ice cave
 12510 | IceCv    | Reached ***** piety under Cheibriados
 13676 | IceCv    | Noticed a death yak
 13676 | IceCv    | Noticed a death yak
 13681 | IceCv    | Killed a death yak
 13682 | IceCv    | Killed a death yak
 13808 | IceCv    | Noticed a death yak
 13808 | IceCv    | Noticed a death yak
 13808 | IceCv    | Noticed a frost giant
 13816 | IceCv    | Killed a death yak
 13817 | IceCv    | Reached skill level 11 in Axes
 13817 | IceCv    | Reached XP level 13. HP: 101/101 MP: 2/17
 13830 | IceCv    | Killed a frost giant
 13955 | IceCv    | Identified the +2 pair of gloves of Incorporation {-Tele
                  | Harm Rampage Stlth-}
 13962 | IceCv    | Got the Anthology of the Crevasse
 13964 | IceCv    | Identified the +2 shortbow "Sishrixt" {freeze, rElec rPois}
 14018 | Orc:2    | Found Sinet's Book Emporium.
 14098 | Orc:1    | Found Ziggisast's Armour Shop.
 14106 | Orc:1    | Reached ****** piety under Cheibriados
 14202 | Orc:1    | Bought a +0 cloak for 54 gold pieces
 14210 | Orc:1    | Bought the +3 warlock's mirror {omnireflect} for 480 gold
                  | pieces
 14210 | Orc:1    | Found the +3 warlock's mirror {omnireflect}
 14360 | Orc:1    | Noticed Jorgrun
 14372 | Orc:1    | HP: 5/101 [constriction (12)]
 14372 | Orc:1    | Slain by an orc warrior

Illustrated notes

Levels and vault maps discovered:
D:1:      kennysheep_arrival_forest, layout_loops_ring,
          chequers_serial_rivers_micro_d, hangedman_decor_riveting
D:2:      layout_rooms, serial_undead, serial_undead_e, serial_undead_c,
          serial_undead_e, serial_undead_d
D:3:      layout_loops_ring, kiku_gazebo_garden_becter, serial_shops,
          nicolae_shop_tiny_real_fake_doors, uniq_robin
D:4:      kennysheep_kobold_camp, layout_basic, ebering_ghost_rock_garden,
          serial_library_hellmonk_small_alcove, minmay_misc_feat_pillars,
          chequers_arboretum
D:5:      layout_cave_pools, uniq_eustachio, uniq_menkaure
D:6:      layout_basic, pdpol_wu_jian_five_deadly_venoms, uniq_jeremiah,
          uniq_edmund
D:7:      layout_basic, minmay_temple_entry_gardened_gates, enter_bailey_5,
          serial_shops, nicolae_shop_tiny_real_fake_doors,
          hangedman_decor_opposing, grunt_ministairs_3, minmay_quadrilaterals,
          uniq_pikel
D:8:      layout_rooms, david_lair_generic, serial_shops, shop
D:9:      layout_stronghold, trog_wizard, serial_shops, shop, serial_bayou,
          serial_bayou_pond_d, serial_bayou_lake_a, serial_bayou_pond_e,
          serial_bayou_pond_d
D:10:     layout_loops_corners, orc_0_dummy, nicolae_alphabet_shops
Temple:   compressed_dpeg_triangle_lava_temple
Orc:1:    layout_caves, serial_shops, shop, uniq_jorgrun
Orc:2:    kennysheep_orc_mage_school, layout_caves,
          portal_ice_cave_demonic_guard, serial_shops,
          nicolae_shop_tiny_real_fake_doors, mines4_lemuel, uniq_josephine

Skill      XL: |  1  2  3  4  5  6  7  8  9 10 11 12 |
---------------+-------------------------------------+-----
Axes           | 3 4 5 6 7 9 11 | 11.2
Fighting       | 4 5 6 7 8 9 |  9.5
Ranged Weapons | 2 4 5 7 8 9 |  9.9
Dodging        | 1 2 3 4 5 6 |  6.2
Armour         | 4 5 6 7 8 |  8.4
Shields        | 5 6 7 8 9 |  9.9
Invocations    | 3 4 6 |  6.4

Action                     |  1- 3 |  4- 6 |  7- 9 | 10-12 | 13-15 || total
---------------------------+-------+-------+-------+-------+-------++-------
  Melee: War axe           |    63 |    25 |       |       |       ||    88
         Battleaxe         |       |   131 |   110 |   344 |    43 ||   628
   Fire: Orcbow            |       |       |       |    52 |       ||    52
         Hand cannon       |       |       |       |    12 |     7 ||    19
Ability: Dig               |       |     1 |     1 |     3 |     1 ||     6
  Evoke: Wand              |       |     1 |       |       |       ||     1
    Use: Scroll            |       |     5 |     9 |     9 |       ||    23
         Potion            |       |       |       |       |     3 ||     3
   Stab: Distracted        |       |       |       |     1 |       ||     1
 Armour: Scale mail        |    36 |    62 |       |       |       ||    98
         Chain mail        |       |     5 |    64 |   194 |    22 ||   285
         Plate armour      |       |       |       |    72 |       ||    72
  Dodge: Dodged            |    23 |    57 |    50 |   232 |    14 ||   376
  Block: Buckler           |    16 |    31 |    13 |   150 |     2 ||   212
         Kite shield       |       |       |       |     6 |    35 ||    41
